| TOP OF THE 1ST |
|
Reno Aces batting - Pitching for New Orleans Zephyrs : RHP Jorge Lopez
|
|
Pitching: RHP Jorge Lopez
|
|
|
Batting: LHB Willie Gutierrez
|
0-0: Ball 1-0: SINGLE (Flyball, 89M, EV 91.2 MPH)
|
|
Batting: RHB Jesus Galvan
|
0-0: Ball 1-0: Foul Ball, location: 2F 1-1: Ball 2-1: DOUBLE (Line Drive, 9LM, EV 100.0 MPH) Willie Gutierrez to third
|
|
Batting: LHB Bobby Arevalo
|
0-0: Foul Ball, location: 2F 0-1: Ball 1-1: Ball 2-1: Called Strike 2-2: Strikes out swinging
|
|
Batting: SHB Gerardo Flores
|
0-0: Ground out 6-3 (Groundball, 6, EV 87.5 MPH) Willie Gutierrez scores
|
|
Batting: LHB Ian Jarvis
|
0-0: Called Strike 0-1: Swinging Strike 0-2: Ball 1-2: Foul Ball, location: 2F 1-2: 2-RUN HOME RUN (Flyball, 9D, EV 95.0 MPH), Distance : 372 ft
|
|
Batting: LHB Soo-yeon Kym
|
0-0: Ball 1-0: Ball 2-0: Called Strike 2-1: Ball 3-1: Called Strike 3-2: Base on Balls
|
|
Batting: RHB Dustin Clark
|
0-0: Ball 1-0: Foul Ball, location: 2F 1-1: Ball 2-1: Foul Ball, location: 2F 2-2: Foul Ball, location: 2F 2-2: Ball 3-2: Foul Ball, location: 2F 3-2: Foul Ball, location: 2F 3-2: Ground out 6-3 (Groundball, 56D, EV 79.4 MPH)
|
| Top of the 1st over - 3 runs, 3 hits, 0 errors, 1 left on base; Reno 3 - New Orleans 0 |
| BOTTOM OF THE 1ST |
|
New Orleans Zephyrs batting - Pitching for Reno Aces : LHP Nate Ciccarelli
|
|
Pitching: LHP Nate Ciccarelli
|
|
|
Batting: LHB David Doge
|
0-0: Ground out 4-3 (Groundball, 4, EV 85.0 MPH)
|
|
Batting: RHB Rafael Irizarry
|
0-0: Ball 1-0: Ground out 6-3 (Groundball, 6, EV 86.9 MPH)
|
|
Batting: RHB Adam McGurn
|
0-0: Ball 1-0: Ball 2-0: Ball 3-0: Ground out 6-3 (Groundball, 6, EV 80.6 MPH)
|
| Bottom of the 1st over - 0 runs, 0 hits, 0 errors, 0 left on base; Reno 3 - New Orleans 0 |
| TOP OF THE 2ND |
|
Reno Aces batting - Pitching for New Orleans Zephyrs : RHP Jorge Lopez
|
|
Batting: RHB Yutaka Oki
|
0-0: Ball 1-0: Called Strike 1-1: Called Strike 1-2: Foul Ball, location: 2F 1-2: Ball 2-2: Ball 3-2: Fly out, F7 (Flyball, 7D, EV 103.1 MPH)
|
|
Batting: RHB Jose Sisneros
|
0-0: Ball 1-0: Called Strike 1-1: Foul Ball, location: 2F 1-2: Ball 2-2: Foul Ball, location: 2F 2-2: Strikes out looking
|
|
Batting: LHB Willie Gutierrez
|
0-0: Foul Ball, location: 2F 0-1: Swinging Strike 0-2: Foul Ball, location: 2F 0-2: Ball 1-2: Foul Ball, location: 2F 1-2: Ball 2-2: SINGLE (Groundball, 34D, EV 97.5 MPH)
|
|
Batting: RHB Jesus Galvan
|
0-0: Foul Ball, location: 2F 0-1: Foul Ball, location: 2F 0-2: Ball Willie Gutierrez is caught stealing 2nd base 2-4
|
| Top of the 2nd over - 0 runs, 1 hit, 0 errors, 0 left on base; Reno 3 - New Orleans 0 |
| BOTTOM OF THE 2ND |
|
New Orleans Zephyrs batting - Pitching for Reno Aces : LHP Nate Ciccarelli
|
|
Batting: RHB Rick Fell
|
0-0: Ball 1-0: Called Strike 1-1: Ball 2-1: Ball 3-1: Base on Balls
|
|
Batting: RHB Orlando Landa
|
0-0: Ball 1-0: Ball 2-0: Ball 3-0: Fly out, F5 (Popup, 6S, EV 71.2 MPH)
|
|
Batting: SHB Ramon Martinez
|
0-0: Fielders Choice at 2nd, 5-4 (Groundball, 56S, EV 91.9 MPH)
|
|
Batting: RHB Masumitsu Sugiura
|
0-0: Called Strike 0-1: Ball 1-1: Ball 2-1: Foul Ball, location: 2F 2-2: TRIPLE (Flyball, 89XD, EV 102.5 MPH) Ramon Martinez scores
|
|
Batting: RHB Harrie de Kam
|
0-0: Called Strike 0-1: Ball 1-1: SINGLE (Flyball, 7S, EV 95.0 MPH) Masumitsu Sugiura scores
|
|
Batting: LHB Eric Bailey
|
0-0: Ball 1-0: Swinging Strike 1-1: Ball 2-1: Ball 3-1: Fielders Choice at 2nd, 6-4 (Groundball, 56, EV 80.0 MPH)
|
| Bottom of the 2nd over - 2 runs, 2 hits, 0 errors, 1 left on base; Reno 3 - New Orleans 2 |
| TOP OF THE 3RD |
|
Reno Aces batting - Pitching for New Orleans Zephyrs : RHP Jorge Lopez
|
|
Batting: RHB Jesus Galvan
|
0-0: Called Strike 0-1: Ball 1-1: Ball 2-1: Swinging Strike 2-2: Ball 3-2: Foul Ball, location: 2F 3-2: Foul Ball, location: 2F 3-2: Strikes out swinging
|
|
Batting: LHB Bobby Arevalo
|
0-0: Ball 1-0: Ball 2-0: Ball 3-0: Called Strike 3-1: Base on Balls
|
|
Batting: SHB Gerardo Flores
|
0-0: Called Strike Bobby Arevalo steals 2nd base 0-1: Ball 1-1: Swinging Strike 1-2: Ball 2-2: Ground out 3-1 (Groundball, 34, EV 84.4 MPH) Bobby Arevalo to third
|
|
Batting: LHB Ian Jarvis
|
0-0: Ball 1-0: Foul Ball, location: 2F 1-1: Ball 2-1: Ball 3-1: Base on Balls
|
|
Batting: LHB Soo-yeon Kym
|
0-0: Ground out 4-3 (Groundball, 34, EV 104.4 MPH)
|
| Top of the 3rd over - 0 runs, 0 hits, 0 errors, 2 left on base; Reno 3 - New Orleans 2 |
| BOTTOM OF THE 3RD |
|
New Orleans Zephyrs batting - Pitching for Reno Aces : LHP Nate Ciccarelli
|
|
Batting: LHB David Doge
|
0-0: Called Strike 0-1: Ball 1-1: Swinging Strike 1-2: Ball 2-2: Foul Ball, location: 2F 2-2: Ball 3-2: Foul Ball, location: 2F 3-2: Foul Ball, location: 2F 3-2: Fly out, F5 (Popup, 5F, EV 61.2 MPH)
|
|
Batting: RHB Rafael Irizarry
|
0-0: Foul Ball, location: 2F 0-1: Ball 1-1: Ball 2-1: Foul Ball, location: 2F 2-2: Foul Ball, location: 2F 2-2: Foul Ball, location: 2F 2-2: Strikes out swinging
|
|
Batting: RHB Adam McGurn
|
0-0: Foul Ball, location: 2F 0-1: Ball 1-1: Ball 2-1: Ball 3-1: Called Strike 3-2: Ground out 6-3 (Groundball, P, EV 85.6 MPH)
|
| Bottom of the 3rd over - 0 runs, 0 hits, 0 errors, 0 left on base; Reno 3 - New Orleans 2 |
| TOP OF THE 4TH |
|
Reno Aces batting - Pitching for New Orleans Zephyrs : RHP Jorge Lopez
|
|
Batting: RHB Dustin Clark
|
0-0: Ball 1-0: Ball 2-0: Ball 3-0: Base on Balls
|
|
Pitching: LHP Tyler Murders
|
|
|
Batting: RHB Yutaka Oki
|
0-0: Ball 1-0: Called Strike 1-1: Swinging Strike 1-2: Fly out, F8 (Flyball, 89D, EV 105.6 MPH)
|
|
Batting: RHB Jose Sisneros
|
0-0: Ball 1-0: Ball 2-0: Ball 3-0: Base on Balls Dustin Clark to second
|
|
Batting: LHB Willie Gutierrez
|
0-0: Fly out, F9 (Flyball, 89M, EV 76.2 MPH) Runner from 2nd tags up, SAFE at 3rd with throw by RF
|
|
Batting: RHB Jesus Galvan
|
0-0: Ball 1-0: Ball 2-0: Ball 3-0: Called Strike 3-1: Base on Balls Jose Sisneros to second
|
|
Batting: LHB Bobby Arevalo
|
0-0: Foul Ball, location: 2F 0-1: Foul Ball, location: 2F 0-2: Strikes out swinging
|
| Top of the 4th over - 0 runs, 0 hits, 0 errors, 3 left on base; Reno 3 - New Orleans 2 |
| BOTTOM OF THE 4TH |
|
New Orleans Zephyrs batting - Pitching for Reno Aces : LHP Nate Ciccarelli
|
|
Batting: RHB Rick Fell
|
0-0: Foul Ball, location: 2F 0-1: Ball 1-1: Called Strike 1-2: Ball 2-2: Strikes out swinging
|
|
Batting: RHB Orlando Landa
|
0-0: Ground out 5-3 (Groundball, 56D, EV 88.8 MPH)
|
|
Batting: SHB Ramon Martinez
|
0-0: Swinging Strike 0-1: Called Strike 0-2: Strikes out looking
|
| Bottom of the 4th over - 0 runs, 0 hits, 0 errors, 0 left on base; Reno 3 - New Orleans 2 |
| TOP OF THE 5TH |
|
Reno Aces batting - Pitching for New Orleans Zephyrs : LHP Tyler Murders
|
|
Batting: SHB Gerardo Flores
|
0-0: Swinging Strike 0-1: Called Strike 0-2: Foul Ball, location: 2F 0-2: Ball 1-2: Ball 2-2: Ball 3-2: Base on Balls
|
|
Batting: LHB Ian Jarvis
|
0-0: Called Strike 0-1: 2-RUN HOME RUN (Flyball, 89XD, EV 99.4 MPH), Distance : 410 ft
|
|
Batting: LHB Soo-yeon Kym
|
0-0: Ball 1-0: Ball 2-0: Called Strike 2-1: Swinging Strike 2-2: Ball 3-2: Foul Ball, location: 2F 3-2: Strikes out swinging
|
|
Batting: RHB Dustin Clark
|
0-0: Ball 1-0: Ball 2-0: Foul Ball, location: 2F 2-1: Ball 3-1: Foul Ball, location: 2F 3-2: Fly out, F9 (Flyball, 89S, EV 98.1 MPH)
|
|
Batting: RHB Yutaka Oki
|
0-0: Fly out, F8 (Flyball, 8RXD, EV 76.2 MPH)
|
| Top of the 5th over - 2 runs, 1 hit, 0 errors, 0 left on base; Reno 5 - New Orleans 2 |
| BOTTOM OF THE 5TH |
|
New Orleans Zephyrs batting - Pitching for Reno Aces : LHP Nate Ciccarelli
|
|
Batting: RHB Masumitsu Sugiura
|
0-0: Ball 1-0: Ground out 4-3 (Groundball, 34D, EV 85.6 MPH)
|
|
Batting: RHB Harrie de Kam
|
0-0: Ball 1-0: Foul Ball, location: 2F 1-1: Fly out, F8 (Flyball, 8LM, EV 83.8 MPH)
|
|
Batting: LHB Eric Bailey
|
0-0: Ball 1-0: Called Strike 1-1: Foul Ball, location: 2F 1-2: Ball 2-2: Fly out, F8 (Line Drive, 8RM, EV 90.0 MPH)
|
| Bottom of the 5th over - 0 runs, 0 hits, 0 errors, 0 left on base; Reno 5 - New Orleans 2 |
| TOP OF THE 6TH |
|
Reno Aces batting - Pitching for New Orleans Zephyrs : LHP Tyler Murders
|
|
Batting: RHB Jose Sisneros
|
0-0: Called Strike 0-1: Ball 1-1: Ball 2-1: Ground out 6-3 (Groundball, 6, EV 103.1 MPH)
|
|
Batting: LHB Willie Gutierrez
|
0-0: Ground out 5-3 (Groundball, 5, EV 108.1 MPH)
|
|
Batting: RHB Jesus Galvan
|
0-0: Ball 1-0: Ground out 6-3 (Groundball, 56, EV 110.0 MPH)
|
| Top of the 6th over - 0 runs, 0 hits, 0 errors, 0 left on base; Reno 5 - New Orleans 2 |
| BOTTOM OF THE 6TH |
|
New Orleans Zephyrs batting - Pitching for Reno Aces : LHP Nate Ciccarelli
|
|
Batting: LHB David Doge
|
0-0: Called Strike 0-1: Ball 1-1: Ground out 6-3 (Groundball, 6, EV 82.5 MPH)
|
|
Batting: RHB Rafael Irizarry
|
0-0: Called Strike 0-1: Ball 1-1: Ball 2-1: Swinging Strike 2-2: Foul Ball, location: 2F 2-2: Ball 3-2: Strikes out swinging
|
|
Batting: RHB Adam McGurn
|
0-0: Ball 1-0: Ball 2-0: Ball 3-0: Ground out 6-3 (Groundball, 6, EV 91.9 MPH)
|
| Bottom of the 6th over - 0 runs, 0 hits, 0 errors, 0 left on base; Reno 5 - New Orleans 2 |
| TOP OF THE 7TH |
|
Reno Aces batting - Pitching for New Orleans Zephyrs : LHP Tyler Murders
|
|
Pitching: RHP Chris Forster
|
|
|
Batting: LHB Bobby Arevalo
|
0-0: Fly out, F6 (Popup, 6S, EV 61.2 MPH)
|
|
Batting: SHB Gerardo Flores
|
0-0: Called Strike 0-1: Swinging Strike 0-2: Strikes out swinging
|
|
Batting: LHB Ian Jarvis
|
0-0: Called Strike 0-1: Foul Ball, location: 2F 0-2: Strikes out swinging
|
| Top of the 7th over - 0 runs, 0 hits, 0 errors, 0 left on base; Reno 5 - New Orleans 2 |
| BOTTOM OF THE 7TH |
|
New Orleans Zephyrs batting - Pitching for Reno Aces : LHP Nate Ciccarelli
|
|
Batting: RHB Rick Fell
|
0-0: Called Strike 0-1: Ball 1-1: Called Strike 1-2: Ground out 4-3 (Groundball, 4, EV 103.8 MPH)
|
|
Batting: RHB Orlando Landa
|
0-0: Called Strike 0-1: Ball 1-1: Ball 2-1: Called Strike 2-2: Strikes out swinging
|
|
Batting: SHB Ramon Martinez
|
0-0: Ball 1-0: Called Strike 1-1: Ball 2-1: Ground out 4-3 (Groundball, 4, EV 100.0 MPH)
|
| Bottom of the 7th over - 0 runs, 0 hits, 0 errors, 0 left on base; Reno 5 - New Orleans 2 |
| TOP OF THE 8TH |
|
Reno Aces batting - Pitching for New Orleans Zephyrs : RHP Chris Forster
|
|
Batting: LHB Soo-yeon Kym
|
0-0: Ball 1-0: Ball 2-0: Called Strike 2-1: SINGLE (Groundball, 6D, EV 94.4 MPH)
|
|
Batting: RHB Dustin Clark
|
0-0: Ball 1-0: Ball 2-0: Bunted foul 2-1: Bunt missed! 2-2: Foul Ball, location: 2F 2-2: Strikes out swinging
|
|
Batting: RHB Yutaka Oki
|
0-0: Ball 1-0: Ball 2-0: Grounds into double play, 5-4-3 (Groundball, 5, EV 85.0 MPH)
|
| Top of the 8th over - 0 runs, 1 hit, 0 errors, 0 left on base; Reno 5 - New Orleans 2 |
| BOTTOM OF THE 8TH |
|
New Orleans Zephyrs batting - Pitching for Reno Aces : LHP Nate Ciccarelli
|
|
Batting: RHB Masumitsu Sugiura
|
0-0: Ball 1-0: Called Strike 1-1: Ball 2-1: Foul Ball, location: 2F 2-2: Ball 3-2: Ground out 5-3 (Groundball, 5L, EV 100.6 MPH)
|
|
Pitching: RHP Jason Hammons
|
|
|
Batting: RHB Harrie de Kam
|
0-0: Ball 1-0: Foul Ball, location: 2F 1-1: SINGLE (Line Drive, 78S, EV 107.5 MPH)
|
|
Batting: LHB Eric Bailey
|
0-0: Ball 1-0: Foul Ball, location: 2F 1-1: Foul Ball, location: 2F 1-2: Foul Ball, location: 2F 1-2: SINGLE (Groundball, 4MD, EV 96.9 MPH) Harrie de Kam to second
|
|
Batting: LHB David Doge
|
0-0: Called Strike 0-1: Fly out, F8 (Flyball, 78D, EV 84.4 MPH)
|
|
Batting: RHB Rafael Irizarry
|
0-0: Ball 1-0: Swinging Strike 1-1: Called Strike 1-2: Strikes out looking
|
| Bottom of the 8th over - 0 runs, 2 hits, 0 errors, 2 left on base; Reno 5 - New Orleans 2 |
| TOP OF THE 9TH |
|
Reno Aces batting - Pitching for New Orleans Zephyrs : RHP Chris Forster
|
|
Pitching: RHP Giampaolo Nobile
|
|
|
Pinch Hitting: LHB Tommy King
|
0-0: Called Strike 0-1: Ball 1-1: Ball 2-1: Ball 3-1: Foul Ball, location: 2F 3-2: Base on Balls
|
|
Batting: LHB Willie Gutierrez
|
0-0: Ball 1-0: Fielders Choice at 2nd, 6-4 (Groundball, 6, EV 83.1 MPH)
|
|
Batting: RHB Jesus Galvan
|
0-0: Called Strike 0-1: Ball Willie Gutierrez is caught stealing 2nd base 2-4 1-1: Ball 2-1: Swinging Strike 2-2: Foul Ball, location: 2F 2-2: Strikes out swinging
|
| Top of the 9th over - 0 runs, 0 hits, 0 errors, 0 left on base; Reno 5 - New Orleans 2 |
| BOTTOM OF THE 9TH |
|
New Orleans Zephyrs batting - Pitching for Reno Aces : RHP Jason Hammons
|
|
Pitching: LHP Afanasy Apatenko
|
|
|
Now at SS: Jonathan Lugo
|
|
|
Batting: RHB Adam McGurn
|
0-0: Ball 1-0: Called Strike 1-1: Ball 2-1: Ground out 1-3 (Groundball, 13S, EV 70.6 MPH)
|
|
Batting: RHB Rick Fell
|
0-0: Ball 1-0: Ball 2-0: Ball 3-0: Called Strike 3-1: Base on Balls
|
|
Batting: RHB Orlando Landa
|
0-0: Ball 1-0: Ball 2-0: Swinging Strike 2-1: Ball 3-1: Grounds into double play, 3-6-3 (Groundball, 3, EV 90.0 MPH)
|
| Bottom of the 9th over - 0 runs, 0 hits, 0 errors, 0 left on base; Reno 5 - New Orleans 2 |
|